[ PARTIDA AOE2 · #474286211 ]
UnrankedVikingos vs Byzantines
[ ANÁLISIS DE REPETICIÓN · EXTRAÍDO DE LA PARTIDA GRABADA ]
Feudal
16:28
Castillos
20:34
Imperial
44:43
| APM promedio | 24.1 |
| APM pico | 73 |
| eAPM promedio | 11.4 |
| Aldeanos / militares | 85 / 122 |
Foco
⚔️ 24.6% · 🌾 75.4%
Skirmisher ×52 · Archer ×30 · Fishing Ship ×30 · Berserk ×29 · Trebuchet (Packed) ×6 · Unknown (2626) ×3
Feudal
15:12
Castillos
24:45
Imperial
42:44
| APM promedio | 33.8 |
| APM pico | 91 |
| eAPM promedio | 17.2 |
| Aldeanos / militares | 110 / 174 |
Foco
⚔️ 36.0% · 🌾 64.0%
Archer ×83 · Militia ×64 · Scout Cavalry ×10 · Battering Ram ×7 · Trebuchet (Packed) ×6 · Fishing Ship ×3
Feudal
13:36
Castillos
18:05
Imperial
31:44
| APM promedio | 32.8 |
| APM pico | 84 |
| eAPM promedio | 13.0 |
| Aldeanos / militares | 43 / 68 |
Foco
⚔️ 18.2% · 🌾 81.8%
Conquistador ×56 · Fishing Ship ×16 · Skirmisher ×7 · Trebuchet (Packed) ×3 · Battering Ram ×1 · Demolition Raft ×1
Feudal
15:13
Castillos
19:16
Imperial
35:12
| APM promedio | 25.7 |
| APM pico | 52 |
| eAPM promedio | 14.8 |
| Aldeanos / militares | 124 / 72 |
Foco
⚔️ 22.1% · 🌾 77.9%
Hand Cannoneer ×36 · Fishing Ship ×26 · Organ Gun ×23 · Galley ×8 · Bombard Cannon ×3 · Knight ×2
Feudal
14:26
Castillos
20:10
Imperial
38:37
| APM promedio | 38.0 |
| APM pico | 99 |
| eAPM promedio | 16.5 |
| Aldeanos / militares | 162 / 143 |
Foco
⚔️ 24.1% · 🌾 75.9%
Mameluke ×134 · Fishing Ship ×11 · Unknown (2626) ×10 · Bombard Cannon ×9
Feudal
15:17
Castillos
23:33
Imperial
44:00
| APM promedio | 16.2 |
| APM pico | 44 |
| eAPM promedio | 9.3 |
| Aldeanos / militares | 94 / 196 |
Foco
⚔️ 20.5% · 🌾 79.5%
Huskarl ×193 · Fishing Ship ×24 · Monk ×3
Mapa de la partida
Recursos iniciales + cada clic de construcción. Líneas = muros · curvas = relieve. ◆ oro · ⬟ piedra · ● bayas · ✦ reliquia · ◌ hueco del cierre
Tu base· Abierta — flanco sin cerrar
Base de KingUrs4721· Abierta — flanco sin cerrar
Base de Skrell· Abierta — hueco de 7t
Base de Tachiwamaru· Abierta — hueco de 15t
Base de ska_18· Abierta — flanco sin cerrar
Base de Bagwell· Abierta — flanco sin cerrar
Terreno inicial suavizado · ◌ = hueco del cierre detectado · pasá el cursor para detalles
Inputs por minuto
— Bojanzkovic - - KingUrs4721
Build order — Bojanzkovic
Primeras 150 de 224 acciones detectadas
| 0:18 | Construir | Town Center |
| 2:58 | Construir | Dock |
| 3:00 | Crear | Villager (Male) ×4 |
| 3:11 | Investigar | Loom |
| 3:19 | Construir | House |
| 3:58 | Crear | Fishing Ship |
| 4:52 | Crear | Fishing Ship |
| 5:06 | Construir | House |
| 5:47 | Crear | Fishing Ship |
| 5:48 | Crear | Fishing Ship |
| 6:18 | Crear | Villager (Male) |
| 6:24 | Crear | Fishing Ship |
| 6:52 | Crear | Fishing Ship |
| 7:13 | Construir | House |
| 7:19 | Construir | Palisade Wall |
| 7:24 | Crear | Villager (Male) |
| 7:43 | Crear | Fishing Ship |
| 7:54 | Crear | Villager (Male) |
| 8:11 | Construir | House |
| 8:28 | Crear | Villager (Male) |
| 8:28 | Crear | Villager (Male) |
| 8:37 | Crear | Fishing Ship |
| 8:44 | Crear | Villager (Male) |
| 9:18 | Crear | Fishing Ship |
| 9:23 | Crear | Villager (Male) |
| 9:23 | Crear | Villager (Male) |
| 9:50 | Construir | Dock |
| 9:55 | Crear | Villager (Male) |
| 10:01 | Crear | Fishing Ship |
| 10:05 | Crear | Villager (Male) |
| 10:05 | Crear | Villager (Male) |
| 10:23 | Crear | Villager (Male) |
| 10:32 | Crear | Fishing Ship |
| 10:39 | Construir | House |
| 10:39 | Construir | House |
| 11:00 | Crear | Fishing Ship |
| 11:05 | Crear | Villager (Male) ×2 |
| 11:06 | Crear | Villager (Male) ×2 |
| 11:22 | Crear | Fishing Ship |
| 11:40 | Crear | Fishing Ship |
| 11:51 | Crear | Fishing Ship |
| 11:56 | Construir | House |
| 12:00 | Crear | Villager (Male) ×3 |
| 12:18 | Construir | Mining Camp |
| 12:40 | Crear | Fishing Ship |
| 12:44 | Crear | Fishing Ship |
| 13:09 | Construir | Mining Camp |
| 13:31 | Crear | Fishing Ship |
| 13:35 | Crear | Fishing Ship |
| 13:48 | Construir | House |
| 13:51 | Construir | House |
| 14:18 | Investigar | Feudal Age |
| 14:23 | Crear | Fishing Ship |
| 14:31 | Crear | Fishing Ship |
| 14:39 | Crear | Fishing Ship |
| 14:54 | Construir | House |
| 14:55 | Construir | House |
| 15:04 | Construir | House |
| 15:24 | Crear | Fishing Ship |
| 15:30 | Crear | Fishing Ship |
| 16:02 | Construir | Mill |
| 16:11 | Crear | Villager (Male) |
| 16:11 | Crear | Villager (Male) |
| 16:12 | Crear | Villager (Male) |
| 16:28 | Edad | Edad Feudal |
| 16:46 | Construir | Market |
| 17:15 | Construir | Blacksmith |
| 17:45 | Crear | Fishing Ship |
| 17:54 | Investigar | Castle Age |
| 18:26 | Construir | House |
| 18:36 | Construir | House |
| 18:53 | Investigar | Tech 906 |
| 18:58 | Crear | Fishing Ship |
| 19:37 | Construir | Watch Tower |
| 19:54 | Crear | Villager (Male) ×5 |
| 20:34 | Edad | Edad de los Castillos |
| 21:19 | Construir | Castle |
| 21:27 | Crear | Villager (Male) |
| 21:37 | Construir | Town Center |
| 21:51 | Construir | Outpost |
| 22:09 | Investigar | War Galley (upgrade) |
| 22:19 | Construir | Outpost |
| 22:29 | Crear | Villager (Male) ×5 |
| 22:40 | Investigar | Town Watch |
| 22:41 | Crear | Villager (Male) ×5 |
| 23:20 | Construir | Town Center |
| 24:05 | Crear | Unit 2626 |
| 24:05 | Crear | Unit 2626 |
| 24:05 | Crear | Unit 2626 |
| 24:43 | Crear | Villager (Male) ×5 |
| 25:27 | Construir | Fish Trap |
| 25:28 | Construir | Fish Trap |
| 25:28 | Construir | Fish Trap |
| 25:29 | Construir | Fish Trap |
| 25:51 | Construir | Watch Tower |
| 25:57 | Investigar | Fletching |
| 25:57 | Investigar | Padded Archer Armor |
| 26:00 | Crear | Villager (Male) |
| 26:01 | Crear | Villager (Male) |
| 26:01 | Crear | Villager (Male) |
| 26:01 | Crear | Villager (Male) |
| 26:07 | Crear | Villager (Male) ×4 |
| 26:21 | Construir | Fish Trap |
| 26:46 | Construir | Fish Trap |
| 26:46 | Construir | Fish Trap |
| 26:52 | Crear | Berserk ×2 |
| 27:07 | Crear | Berserk ×5 |
| 27:36 | Construir | Mining Camp |
| 27:45 | Investigar | Scale Mail Armor |
| 27:46 | Investigar | Forging |
| 27:49 | Crear | Berserk |
| 27:49 | Crear | Berserk |
| 28:14 | Construir | Barracks |
| 28:21 | Construir | Farm |
| 28:22 | Construir | Farm |
| 28:24 | Construir | Farm |
| 28:32 | Construir | Farm |
| 28:33 | Construir | Farm |
| 28:34 | Construir | Farm |
| 29:23 | Crear | Spearman |
| 29:23 | Crear | Spearman |
| 29:30 | Construir | Archery Range |
| 29:38 | Construir | Farm |
| 30:07 | Construir | Archery Range |
| 30:25 | Construir | Fish Trap |
| 30:26 | Construir | Fish Trap |
| 30:27 | Construir | Fish Trap |
| 30:27 | Construir | Fish Trap |
| 30:28 | Construir | Fish Trap |
| 30:37 | Crear | Galley |
| 30:48 | Crear | Villager (Male) ×5 |
| 30:49 | Crear | Villager (Male) ×5 |
| 30:50 | Crear | Villager (Male) ×4 |
| 31:11 | Construir | Farm |
| 31:22 | Construir | Castle |
| 31:37 | Construir | Stone Wall |
| 31:45 | Construir | Farm |
| 31:45 | Construir | Farm |
| 31:54 | Construir | Farm |
| 31:55 | Construir | Farm |
| 31:57 | Construir | Farm |
| 32:11 | Construir | Lumber Camp |
| 32:52 | Construir | Dock |
| 33:44 | Investigar | Chieftains |
| 34:10 | Investigar | Imperial Age |
| 34:16 | Crear | Archer ×5 |
| 34:16 | Crear | Archer ×5 |
| 34:17 | Crear | Archer ×4 |
| 34:17 | Crear | Archer ×4 |
| 34:24 | Construir | Farm |
Build order — KingUrs4721
Primeras 150 de 358 acciones detectadas
| 0:07 | Construir | House |
| 0:32 | Construir | Town Center |
| 1:25 | Construir | Dock |
| 2:08 | Construir | Palisade Wall |
| 2:09 | Construir | Palisade Wall |
| 2:53 | Construir | House |
| 2:54 | Crear | Villager (Male) |
| 2:54 | Crear | Villager (Male) |
| 2:57 | Investigar | Loom |
| 3:46 | Crear | Villager (Male) |
| 3:46 | Crear | Villager (Male) |
| 3:49 | Crear | Villager (Male) |
| 3:49 | Crear | Villager (Male) |
| 4:20 | Crear | Villager (Male) |
| 5:00 | Crear | Villager (Male) |
| 5:35 | Crear | Villager (Male) |
| 6:17 | Crear | Villager (Male) |
| 6:17 | Crear | Villager (Male) |
| 6:35 | Crear | Fishing Ship |
| 6:42 | Construir | House |
| 6:49 | Crear | Villager (Male) |
| 7:23 | Crear | Villager (Male) |
| 7:27 | Construir | House |
| 7:35 | Crear | Fishing Ship |
| 7:52 | Crear | Villager (Male) |
| 7:52 | Crear | Villager (Male) |
| 8:06 | Crear | Villager (Male) |
| 8:39 | Crear | Villager (Male) |
| 8:45 | Crear | Fishing Ship |
| 8:56 | Construir | House |
| 8:58 | Construir | House |
| 9:03 | Crear | Villager (Male) |
| 9:06 | Crear | Villager (Male) |
| 9:14 | Crear | Villager (Male) |
| 9:18 | Crear | Villager (Male) |
| 10:22 | Crear | Villager (Male) |
| 10:36 | Construir | Outpost |
| 10:39 | Construir | Outpost |
| 10:54 | Construir | House |
| 10:55 | Construir | House |
| 11:00 | Construir | Mining Camp |
| 11:03 | Crear | Villager (Male) |
| 11:22 | Crear | Villager (Male) |
| 11:23 | Crear | Villager (Male) |
| 11:46 | Construir | Outpost |
| 12:28 | Construir | Outpost |
| 12:31 | Construir | Mining Camp |
| 12:37 | Crear | Villager (Male) |
| 12:54 | Construir | Barracks |
| 13:02 | Investigar | Feudal Age |
| 13:40 | Construir | Mill |
| 13:42 | Crear | Villager (Male) |
| 13:42 | Crear | Villager (Male) |
| 13:52 | Crear | Militia |
| 13:58 | Crear | Militia |
| 14:10 | Construir | Outpost |
| 15:12 | Edad | Edad Feudal |
| 15:22 | Construir | Stable |
| 15:24 | Construir | Lumber Camp |
| 16:01 | Crear | Villager (Male) |
| 16:01 | Crear | Villager (Male) |
| 16:04 | Crear | Scout Cavalry |
| 16:04 | Crear | Scout Cavalry |
| 16:04 | Crear | Scout Cavalry |
| 16:13 | Investigar | Horse Collar |
| 16:44 | Crear | Villager (Male) |
| 16:50 | Investigar | Double-Bit Axe |
| 16:55 | Construir | Farm |
| 17:17 | Crear | Villager (Male) |
| 17:21 | Construir | Farm |
| 17:42 | Crear | Villager (Male) |
| 17:44 | Construir | Farm |
| 17:57 | Crear | Villager (Male) |
| 18:12 | Construir | Farm |
| 18:14 | Crear | Villager (Male) |
| 18:42 | Construir | Farm |
| 18:43 | Construir | Farm |
| 18:45 | Construir | Farm |
| 18:49 | Crear | Villager (Male) |
| 18:56 | Construir | Farm |
| 19:08 | Crear | Villager (Male) |
| 19:25 | Construir | Farm |
| 19:39 | Crear | Villager (Male) |
| 19:46 | Crear | Villager (Male) |
| 19:53 | Construir | Blacksmith |
| 20:14 | Crear | Villager (Male) |
| 20:17 | Construir | House |
| 20:53 | Construir | Farm |
| 20:55 | Construir | Farm |
| 20:56 | Construir | Farm |
| 21:06 | Construir | Farm |
| 21:08 | Construir | Farm |
| 21:09 | Construir | Farm |
| 21:11 | Crear | Villager (Male) |
| 21:22 | Construir | Farm |
| 21:52 | Construir | Farm |
| 22:01 | Construir | Lumber Camp |
| 22:05 | Investigar | Castle Age |
| 22:09 | Crear | Scout Cavalry |
| 22:09 | Crear | Scout Cavalry |
| 22:20 | Construir | Farm |
| 22:48 | Construir | House |
| 22:52 | Construir | House |
| 23:00 | Crear | Scout Cavalry |
| 23:00 | Crear | Scout Cavalry |
| 23:02 | Investigar | Fletching |
| 23:02 | Investigar | Padded Archer Armor |
| 23:07 | Investigar | Padded Archer Armor |
| 23:07 | Investigar | Padded Archer Armor |
| 23:32 | Construir | Archery Range |
| 23:46 | Construir | Archery Range |
| 23:48 | Crear | Scout Cavalry |
| 24:21 | Crear | Scout Cavalry |
| 24:21 | Crear | Scout Cavalry |
| 24:24 | Crear | Villager (Male) |
| 24:24 | Crear | Villager (Male) |
| 24:30 | Crear | Villager (Male) |
| 24:31 | Crear | Villager (Male) |
| 24:32 | Crear | Villager (Male) |
| 24:35 | Crear | Archer |
| 24:35 | Crear | Archer |
| 24:35 | Crear | Archer |
| 24:35 | Crear | Archer |
| 24:36 | Crear | Archer |
| 24:38 | Crear | Archer |
| 24:45 | Edad | Edad de los Castillos |
| 25:18 | Investigar | Light Cavalry (upgrade) |
| 25:18 | Investigar | Husbandry |
| 25:30 | Construir | Castle |
| 25:39 | Investigar | Bow Saw |
| 25:55 | Construir | Mill |
| 26:10 | Investigar | Forging |
| 26:14 | Crear | Archer ×5 |
| 26:15 | Crear | Archer |
| 26:19 | Construir | House |
| 26:24 | Construir | Watch Tower |
| 26:38 | Investigar | Scale Barding Armor |
| 27:14 | Investigar | Bodkin Arrow |
| 27:46 | Crear | Cataphract |
| 28:11 | Construir | Siege Workshop |
| 28:18 | Crear | Villager (Male) |
| 28:19 | Crear | Villager (Male) |
| 28:19 | Crear | Villager (Male) |
| 28:19 | Crear | Villager (Male) |
| 28:50 | Crear | Battering Ram |
| 28:55 | Construir | Barracks |
| 29:02 | Construir | Farm |
| 29:35 | Crear | Militia |
| 29:35 | Crear | Militia |
| 29:35 | Crear | Militia |
Build order — Skrell
Primeras 150 de 190 acciones detectadas
| 0:04 | Construir | House |
| 0:07 | Construir | House |
| 0:16 | Construir | Town Center |
| 1:47 | Construir | Dock |
| 2:40 | Crear | Villager (Male) |
| 2:40 | Crear | Villager (Male) |
| 2:41 | Crear | Villager (Male) |
| 2:41 | Crear | Villager (Male) |
| 4:12 | Crear | Fishing Ship |
| 4:24 | Crear | Villager (Male) |
| 4:37 | Crear | Fishing Ship |
| 5:34 | Investigar | Loom |
| 5:39 | Crear | Fishing Ship |
| 5:50 | Crear | Fishing Ship |
| 6:10 | Crear | Villager (Male) |
| 6:21 | Crear | Fishing Ship |
| 6:45 | Crear | Fishing Ship |
| 7:05 | Construir | House |
| 7:07 | Construir | House |
| 7:09 | Crear | Villager (Male) |
| 7:29 | Crear | Villager (Male) |
| 7:57 | Crear | Villager (Male) |
| 8:05 | Crear | Fishing Ship |
| 8:41 | Crear | Villager (Male) |
| 8:47 | Crear | Fishing Ship |
| 9:05 | Crear | Villager (Male) |
| 9:11 | Crear | Villager (Male) |
| 9:30 | Crear | Fishing Ship |
| 9:44 | Construir | House |
| 10:31 | Crear | Fishing Ship |
| 10:42 | Construir | Mill |
| 11:01 | Crear | Villager (Male) |
| 11:26 | Investigar | Feudal Age |
| 11:52 | Construir | Mining Camp |
| 12:16 | Crear | Fishing Ship |
| 12:21 | Crear | Fishing Ship |
| 13:09 | Construir | House |
| 13:36 | Edad | Edad Feudal |
| 13:38 | Construir | Market |
| 14:12 | Construir | Blacksmith |
| 14:52 | Crear | Demolition Raft |
| 14:56 | Investigar | Tech 906 |
| 15:25 | Investigar | Castle Age |
| 15:49 | Investigar | Stone Mining |
| 16:17 | Crear | Fishing Ship |
| 17:29 | Construir | Outpost |
| 18:05 | Edad | Edad de los Castillos |
| 18:38 | Construir | Castle |
| 18:41 | Crear | Villager (Male) |
| 18:41 | Crear | Villager (Male) |
| 18:41 | Crear | Villager (Male) |
| 18:42 | Crear | Villager (Male) |
| 18:42 | Crear | Villager (Male) |
| 18:42 | Crear | Villager (Male) |
| 18:42 | Crear | Villager (Male) |
| 18:52 | Investigar | Gillnets |
| 19:54 | Crear | Conquistador |
| 19:54 | Crear | Conquistador |
| 20:17 | Crear | Villager (Male) |
| 20:18 | Crear | Villager (Male) |
| 20:29 | Crear | Conquistador |
| 21:00 | Construir | Fish Trap |
| 21:37 | Crear | Conquistador |
| 22:46 | Construir | Siege Workshop |
| 23:18 | Crear | Villager (Male) |
| 23:19 | Crear | Villager (Male) |
| 23:28 | Construir | Farm |
| 23:28 | Construir | Farm |
| 23:28 | Construir | Farm |
| 23:28 | Construir | Farm |
| 23:29 | Construir | Farm |
| 23:29 | Construir | Farm |
| 23:47 | Construir | House |
| 24:33 | Construir | Dock |
| 24:46 | Crear | Conquistador |
| 24:50 | Crear | Conquistador |
| 25:14 | Construir | Mining Camp |
| 25:44 | Crear | Battering Ram |
| 27:43 | Construir | Town Center |
| 28:14 | Construir | Monastery |
| 28:34 | Investigar | Imperial Age |
| 28:57 | Crear | Fishing Ship |
| 29:26 | Investigar | Wheelbarrow |
| 29:28 | Crear | Villager (Male) |
| 29:36 | Crear | Fishing Ship |
| 30:23 | Crear | Conquistador |
| 30:23 | Crear | Conquistador |
| 30:27 | Crear | Conquistador |
| 31:16 | Investigar | Hand Cart |
| 31:31 | Crear | Fishing Ship |
| 31:44 | Edad | Edad Imperial |
| 31:56 | Crear | Trebuchet (Packed) |
| 32:10 | Crear | Villager (Male) |
| 32:11 | Crear | Villager (Male) |
| 32:14 | Crear | Villager (Male) |
| 32:14 | Crear | Villager (Male) |
| 33:14 | Crear | Trebuchet (Packed) |
| 34:09 | Crear | Trebuchet (Packed) |
| 36:02 | Crear | Conquistador |
| 36:03 | Crear | Conquistador |
| 36:03 | Crear | Conquistador |
| 36:03 | Crear | Conquistador |
| 36:03 | Crear | Conquistador |
| 36:15 | Crear | Conquistador |
| 36:15 | Crear | Conquistador |
| 36:39 | Crear | Villager (Male) |
| 36:39 | Crear | Villager (Male) |
| 36:43 | Crear | Conquistador |
| 36:43 | Crear | Conquistador |
| 37:06 | Construir | Castle |
| 37:51 | Construir | Town Center |
| 38:00 | Construir | Mining Camp |
| 38:14 | Crear | Conquistador |
| 38:15 | Crear | Conquistador |
| 38:15 | Crear | Conquistador |
| 38:15 | Crear | Conquistador |
| 38:15 | Crear | Conquistador |
| 38:17 | Crear | Conquistador |
| 39:02 | Crear | Villager (Male) |
| 39:02 | Crear | Villager (Male) |
| 39:02 | Crear | Villager (Male) |
| 39:02 | Crear | Villager (Male) |
| 39:11 | Construir | Fish Trap |
| 39:12 | Construir | Fish Trap |
| 39:12 | Construir | Fish Trap |
| 39:13 | Construir | Fish Trap |
| 39:14 | Construir | Fish Trap |
| 39:15 | Construir | Fish Trap |
| 39:17 | Construir | Fish Trap |
| 40:33 | Crear | Conquistador |
| 40:33 | Crear | Conquistador |
| 40:33 | Crear | Conquistador |
| 40:39 | Crear | Conquistador |
| 40:39 | Crear | Conquistador |
| 40:39 | Crear | Conquistador |
| 40:39 | Crear | Conquistador |
| 40:52 | Construir | Farm |
| 40:58 | Construir | Farm |
| 41:00 | Crear | Villager (Male) |
| 41:28 | Crear | Conquistador |
| 42:12 | Crear | Conquistador ×3 |
| 42:12 | Crear | Conquistador ×3 |
| 42:21 | Construir | Farm |
| 42:22 | Construir | Farm |
| 42:22 | Construir | Farm |
| 42:22 | Construir | Farm |
| 42:25 | Crear | Villager (Male) |
| 42:34 | Construir | Farm |
| 42:34 | Construir | Farm |
| 42:34 | Construir | Farm |
Build order — Tachiwamaru
Primeras 150 de 417 acciones detectadas
| 0:48 | Construir | Dock |
| 0:50 | Construir | House |
| 1:19 | Construir | Town Center |
| 3:18 | Crear | Villager (Male) |
| 3:19 | Crear | Villager (Male) |
| 3:19 | Crear | Villager (Male) |
| 3:19 | Crear | Villager (Male) |
| 4:10 | Crear | Villager (Male) |
| 4:18 | Crear | Fishing Ship |
| 4:53 | Construir | House |
| 5:23 | Investigar | Loom |
| 5:42 | Crear | Fishing Ship |
| 5:44 | Crear | Villager (Male) |
| 6:22 | Crear | Villager (Male) |
| 6:32 | Construir | House |
| 6:51 | Crear | Villager (Male) |
| 6:52 | Crear | Fishing Ship |
| 6:59 | Construir | Palisade Wall |
| 7:07 | Construir | House |
| 7:12 | Crear | Villager (Male) |
| 7:43 | Crear | Villager (Male) |
| 7:49 | Crear | Fishing Ship |
| 7:51 | Crear | Villager (Male) |
| 8:25 | Crear | Villager (Male) |
| 8:39 | Construir | Mill |
| 8:45 | Crear | Fishing Ship |
| 9:04 | Crear | Villager (Male) |
| 9:10 | Crear | Fishing Ship |
| 9:32 | Crear | Villager (Male) |
| 9:32 | Crear | Villager (Male) |
| 9:40 | Crear | Fishing Ship |
| 9:52 | Construir | House |
| 9:55 | Crear | Villager (Male) |
| 10:00 | Crear | Fishing Ship |
| 10:22 | Construir | Dock |
| 11:12 | Construir | Dock |
| 11:14 | Crear | Villager (Male) |
| 11:14 | Crear | Villager (Male) |
| 11:19 | Construir | House |
| 11:26 | Crear | Fishing Ship |
| 11:39 | Construir | Barracks |
| 11:47 | Construir | House |
| 11:58 | Crear | Villager (Male) |
| 12:16 | Crear | Fishing Ship |
| 12:29 | Crear | Villager (Male) |
| 12:43 | Construir | House |
| 12:45 | Crear | Fishing Ship |
| 13:03 | Investigar | Feudal Age |
| 13:32 | Construir | House |
| 14:03 | Crear | Fishing Ship |
| 14:03 | Crear | Fishing Ship |
| 14:17 | Construir | House |
| 14:36 | Crear | Fishing Ship |
| 14:38 | Crear | Fishing Ship |
| 15:00 | Construir | Mining Camp |
| 15:10 | Crear | Villager (Male) |
| 15:13 | Edad | Edad Feudal |
| 15:24 | Construir | Market |
| 15:39 | Construir | Blacksmith |
| 15:42 | Crear | Villager (Male) |
| 16:05 | Crear | Villager (Male) |
| 16:36 | Investigar | Castle Age |
| 16:41 | Investigar | Stone Mining |
| 16:46 | Construir | Lumber Camp |
| 17:11 | Investigar | Double-Bit Axe |
| 17:38 | Crear | Galley |
| 17:47 | Investigar | Horse Collar |
| 18:40 | Construir | House |
| 19:16 | Edad | Edad de los Castillos |
| 19:27 | Construir | Castle |
| 20:21 | Crear | Organ Gun |
| 20:22 | Crear | Organ Gun |
| 20:22 | Crear | Organ Gun |
| 20:24 | Crear | Villager (Male) |
| 20:53 | Construir | Town Center |
| 20:54 | Crear | Villager (Male) |
| 20:55 | Crear | Villager (Male) |
| 20:56 | Crear | Villager (Male) |
| 21:24 | Crear | Villager (Male) |
| 21:30 | Crear | Organ Gun |
| 21:37 | Construir | House |
| 21:50 | Crear | Villager (Male) |
| 21:55 | Construir | House |
| 22:26 | Crear | Villager (Male) |
| 22:26 | Crear | Villager (Male) |
| 22:33 | Crear | Fishing Ship |
| 22:43 | Crear | Villager (Male) |
| 22:43 | Crear | Villager (Male) |
| 23:01 | Crear | Organ Gun |
| 23:01 | Crear | Organ Gun |
| 23:10 | Crear | Villager (Male) |
| 23:23 | Crear | Villager (Male) |
| 23:56 | Construir | Dock |
| 24:12 | Crear | Villager (Male) |
| 24:12 | Crear | Villager (Male) |
| 24:14 | Crear | Villager (Male) |
| 24:19 | Construir | Farm |
| 24:20 | Construir | Farm |
| 24:26 | Crear | Organ Gun |
| 24:26 | Crear | Organ Gun |
| 24:42 | Crear | Villager (Male) |
| 24:47 | Construir | House |
| 24:47 | Construir | House |
| 24:47 | Construir | House |
| 24:51 | Construir | Farm |
| 25:10 | Crear | Villager (Male) |
| 25:11 | Crear | Villager (Male) |
| 25:14 | Crear | Organ Gun |
| 25:22 | Crear | Villager (Male) |
| 25:35 | Crear | Villager (Male) |
| 25:42 | Construir | House |
| 25:44 | Construir | House |
| 25:45 | Crear | Organ Gun |
| 25:48 | Crear | Villager (Male) |
| 25:56 | Construir | Farm |
| 25:58 | Construir | Farm |
| 26:15 | Crear | Villager (Male) |
| 26:15 | Crear | Villager (Male) |
| 26:17 | Crear | Fishing Ship |
| 26:21 | Crear | Organ Gun |
| 26:48 | Crear | Villager (Male) |
| 26:48 | Crear | Villager (Male) |
| 26:49 | Crear | Fishing Ship |
| 26:49 | Crear | Fishing Ship |
| 27:05 | Crear | Organ Gun |
| 27:05 | Crear | Organ Gun |
| 27:07 | Crear | Villager (Male) |
| 27:17 | Crear | Villager (Male) |
| 27:19 | Crear | Villager (Male) |
| 27:20 | Crear | Villager (Male) |
| 27:51 | Crear | Villager (Male) |
| 27:54 | Crear | Fishing Ship |
| 27:56 | Crear | Organ Gun |
| 27:56 | Crear | Organ Gun |
| 28:11 | Crear | Villager (Male) |
| 28:16 | Construir | Farm |
| 28:22 | Crear | Fishing Ship |
| 28:22 | Crear | Fishing Ship |
| 29:16 | Crear | Organ Gun |
| 29:17 | Crear | Villager (Male) |
| 29:35 | Crear | Villager (Male) |
| 29:52 | Construir | Castle |
| 30:02 | Crear | Organ Gun |
| 30:02 | Crear | Organ Gun |
| 30:03 | Crear | Villager (Male) |
| 30:04 | Crear | Villager (Male) |
| 30:05 | Crear | Villager (Male) |
| 30:06 | Crear | Villager (Male) |
| 30:24 | Construir | Mill |
| 30:27 | Crear | Villager (Male) |
Build order — ska_18
Primeras 150 de 354 acciones detectadas
| 0:10 | Construir | House |
| 0:27 | Construir | Town Center |
| 2:06 | Construir | Dock |
| 2:44 | Crear | Villager (Male) |
| 2:44 | Crear | Villager (Male) |
| 2:44 | Crear | Villager (Male) |
| 2:44 | Crear | Villager (Male) |
| 4:24 | Investigar | Loom |
| 4:25 | Crear | Villager (Male) |
| 4:25 | Crear | Villager (Male) |
| 5:02 | Crear | Villager (Male) |
| 5:02 | Crear | Villager (Male) |
| 5:04 | Crear | Fishing Ship |
| 5:38 | Construir | House |
| 5:46 | Construir | House |
| 6:18 | Construir | House |
| 6:53 | Crear | Fishing Ship |
| 6:53 | Crear | Fishing Ship |
| 6:57 | Crear | Villager (Male) |
| 7:16 | Crear | Villager (Male) |
| 7:16 | Crear | Villager (Male) |
| 7:36 | Crear | Fishing Ship |
| 7:44 | Crear | Villager (Male) |
| 8:29 | Crear | Villager (Male) |
| 8:31 | Crear | Fishing Ship |
| 8:52 | Crear | Villager (Male) |
| 8:52 | Crear | Villager (Male) |
| 8:53 | Crear | Villager (Male) |
| 8:55 | Crear | Fishing Ship |
| 9:13 | Construir | House |
| 9:41 | Crear | Fishing Ship |
| 9:47 | Crear | Villager (Male) |
| 9:47 | Crear | Villager (Male) |
| 10:07 | Construir | Mill |
| 11:05 | Crear | Fishing Ship |
| 11:13 | Crear | Fishing Ship |
| 11:30 | Construir | House |
| 11:30 | Construir | House |
| 12:16 | Investigar | Feudal Age |
| 12:48 | Construir | Lumber Camp |
| 13:40 | Crear | Villager (Male) |
| 13:41 | Crear | Villager (Male) |
| 13:53 | Crear | Fishing Ship |
| 13:53 | Crear | Fishing Ship |
| 14:26 | Edad | Edad Feudal |
| 14:29 | Construir | House |
| 14:57 | Crear | Villager (Male) |
| 14:57 | Crear | Villager (Male) |
| 14:58 | Crear | Villager (Male) |
| 14:58 | Crear | Villager (Male) |
| 15:11 | Construir | Market |
| 15:25 | Construir | Blacksmith |
| 15:44 | Crear | Unit 2626 |
| 15:44 | Crear | Unit 2626 |
| 16:26 | Crear | Unit 2626 |
| 16:27 | Crear | Unit 2626 |
| 16:47 | Construir | Mining Camp |
| 17:30 | Investigar | Castle Age |
| 18:08 | Construir | Stone Wall |
| 18:12 | Construir | Gate |
| 18:23 | Investigar | Double-Bit Axe |
| 18:37 | Investigar | Horse Collar |
| 19:44 | Crear | Unit 2626 |
| 19:44 | Crear | Unit 2626 |
| 20:10 | Edad | Edad de los Castillos |
| 20:17 | Construir | Stone Wall |
| 20:22 | Construir | Stone Wall |
| 20:27 | Construir | Gate |
| 20:34 | Construir | Town Center |
| 20:45 | Construir | Town Center |
| 20:58 | Construir | Town Center |
| 21:18 | Investigar | Wheelbarrow |
| 21:19 | Crear | Villager (Male) |
| 21:19 | Crear | Villager (Male) |
| 22:15 | Investigar | Town Watch |
| 22:27 | Crear | Villager (Male) |
| 22:27 | Crear | Villager (Male) |
| 22:27 | Crear | Villager (Male) |
| 22:28 | Crear | Villager (Male) |
| 22:39 | Construir | House |
| 22:39 | Construir | House |
| 22:39 | Construir | House |
| 22:40 | Construir | House |
| 22:40 | Construir | House |
| 22:47 | Crear | Villager (Male) |
| 22:48 | Crear | Villager (Male) |
| 22:48 | Crear | Villager (Male) |
| 22:48 | Crear | Villager (Male) |
| 22:57 | Investigar | Bow Saw |
| 23:43 | Investigar | War Galley (upgrade) |
| 23:52 | Crear | Villager (Male) |
| 23:52 | Crear | Villager (Male) |
| 23:52 | Crear | Villager (Male) |
| 23:53 | Crear | Villager (Male) |
| 23:57 | Investigar | Gold Mining |
| 23:57 | Investigar | Stone Mining |
| 24:53 | Investigar | Tech 906 |
| 24:55 | Crear | Villager (Male) |
| 24:55 | Crear | Villager (Male) |
| 24:55 | Crear | Villager (Male) |
| 25:13 | Investigar | Gillnets |
| 25:16 | Crear | Unit 2626 |
| 25:16 | Crear | Unit 2626 |
| 25:18 | Crear | Unit 2626 |
| 25:18 | Crear | Unit 2626 |
| 25:28 | Crear | Villager (Male) ×2 |
| 25:28 | Crear | Villager (Male) ×2 |
| 25:32 | Construir | Farm |
| 25:33 | Construir | Farm |
| 25:35 | Construir | Farm |
| 25:35 | Construir | Farm |
| 25:36 | Construir | Farm |
| 25:56 | Construir | Farm |
| 25:57 | Construir | Farm |
| 25:58 | Construir | Farm |
| 26:00 | Construir | Farm |
| 26:01 | Construir | Farm |
| 26:08 | Construir | Stone Wall |
| 26:13 | Construir | Stone Wall |
| 26:21 | Construir | Farm |
| 26:23 | Construir | Farm |
| 26:23 | Construir | Farm |
| 26:25 | Construir | Farm |
| 26:27 | Construir | Farm |
| 26:29 | Crear | Villager (Male) ×5 |
| 26:29 | Crear | Villager (Male) ×5 |
| 26:33 | Construir | House |
| 26:34 | Construir | House |
| 26:34 | Construir | House |
| 26:34 | Construir | House |
| 26:35 | Construir | House |
| 26:35 | Construir | House |
| 26:54 | Investigar | Heavy Plow |
| 27:26 | Construir | House |
| 27:26 | Construir | House |
| 27:26 | Construir | House |
| 27:27 | Construir | House |
| 27:27 | Construir | House |
| 27:30 | Construir | University |
| 27:33 | Crear | Villager (Male) ×5 |
| 27:40 | Construir | Farm |
| 28:22 | Investigar | Hand Cart |
| 28:26 | Crear | Villager (Male) |
| 28:27 | Crear | Villager (Male) |
| 28:27 | Crear | Villager (Male) |
| 28:48 | Construir | Stone Wall |
| 28:52 | Investigar | Gold Shaft Mining |
| 28:54 | Investigar | Forging |
| 29:14 | Construir | Farm |
| 29:14 | Construir | Farm |
Build order — Bagwell
Primeras 150 de 316 acciones detectadas
| 0:36 | Construir | Town Center |
| 2:45 | Crear | Villager (Male) ×4 |
| 2:51 | Construir | House |
| 2:52 | Construir | House |
| 2:54 | Construir | House |
| 3:55 | Crear | Villager (Male) |
| 4:37 | Crear | Villager (Male) |
| 5:15 | Crear | Villager (Male) |
| 5:37 | Construir | Lumber Camp |
| 5:51 | Crear | Villager (Male) |
| 6:16 | Crear | Villager (Male) |
| 6:37 | Crear | Villager (Male) |
| 7:00 | Crear | Villager (Male) |
| 7:14 | Crear | Villager (Male) |
| 7:15 | Crear | Villager (Male) |
| 7:52 | Investigar | Loom |
| 7:59 | Construir | House |
| 8:19 | Crear | Villager (Male) |
| 8:19 | Crear | Villager (Male) |
| 8:44 | Construir | Dock |
| 8:50 | Crear | Villager (Male) |
| 9:13 | Crear | Villager (Male) |
| 9:27 | Crear | Fishing Ship |
| 9:30 | Crear | Fishing Ship |
| 9:57 | Construir | Mill |
| 10:38 | Construir | House |
| 10:44 | Crear | Villager (Male) |
| 10:44 | Crear | Villager (Male) |
| 10:50 | Crear | Fishing Ship |
| 11:20 | Construir | House |
| 11:29 | Crear | Villager (Male) |
| 11:33 | Crear | Fishing Ship |
| 11:50 | Crear | Fishing Ship |
| 11:58 | Crear | Villager (Male) |
| 12:08 | Crear | Fishing Ship |
| 13:03 | Crear | Fishing Ship |
| 13:07 | Investigar | Feudal Age |
| 13:26 | Construir | Dock |
| 13:41 | Crear | Villager (Male) |
| 13:42 | Crear | Villager (Male) |
| 13:42 | Crear | Villager (Male) |
| 13:48 | Crear | Fishing Ship |
| 13:48 | Crear | Fishing Ship |
| 14:03 | Crear | Fishing Ship |
| 14:03 | Crear | Fishing Ship |
| 14:21 | Construir | House |
| 15:17 | Edad | Edad Feudal |
| 15:19 | Construir | Lumber Camp |
| 15:25 | Crear | Villager (Male) |
| 15:29 | Crear | Fishing Ship |
| 16:10 | Crear | Fishing Ship |
| 16:27 | Construir | Blacksmith |
| 16:33 | Construir | Outpost |
| 16:42 | Construir | House |
| 16:43 | Construir | House |
| 17:21 | Crear | Fishing Ship |
| 17:22 | Crear | Fishing Ship |
| 17:26 | Construir | House |
| 17:27 | Construir | House |
| 17:27 | Construir | House |
| 17:36 | Investigar | Double-Bit Axe |
| 17:39 | Investigar | Tech 906 |
| 17:44 | Crear | Fishing Ship |
| 17:45 | Crear | Fishing Ship |
| 18:06 | Construir | Outpost |
| 18:24 | Construir | Mining Camp |
| 18:39 | Crear | Villager (Male) |
| 18:39 | Crear | Villager (Male) |
| 18:40 | Crear | Villager (Male) |
| 18:52 | Construir | Market |
| 18:58 | Construir | Barracks |
| 19:26 | Investigar | Scale Mail Armor |
| 19:26 | Investigar | Forging |
| 19:36 | Crear | Villager (Male) |
| 19:46 | Construir | Stable |
| 19:59 | Crear | Villager (Male) |
| 20:38 | Crear | Villager (Male) |
| 20:50 | Construir | Barracks |
| 20:52 | Investigar | Castle Age |
| 21:13 | Construir | Farm |
| 21:14 | Construir | Farm |
| 21:16 | Construir | Farm |
| 21:36 | Investigar | Fletching |
| 21:57 | Construir | Barracks |
| 21:59 | Construir | Barracks |
| 22:48 | Construir | Farm |
| 22:55 | Construir | Farm |
| 23:03 | Crear | Fishing Ship |
| 23:04 | Crear | Fishing Ship |
| 23:04 | Crear | Fishing Ship |
| 23:05 | Crear | Fishing Ship |
| 23:15 | Construir | Farm |
| 23:19 | Investigar | Horse Collar |
| 23:33 | Edad | Edad de los Castillos |
| 23:34 | Construir | Farm |
| 23:35 | Construir | Farm |
| 23:37 | Construir | Farm |
| 23:50 | Construir | Castle |
| 24:00 | Crear | Villager (Male) |
| 24:01 | Crear | Villager (Male) |
| 24:01 | Crear | Villager (Male) |
| 24:21 | Crear | Villager (Male) |
| 24:33 | Crear | Villager (Male) |
| 24:33 | Crear | Villager (Male) |
| 24:45 | Construir | Monastery |
| 24:51 | Crear | Villager (Male) |
| 25:09 | Construir | Mining Camp |
| 25:37 | Construir | Town Center |
| 25:40 | Construir | Farm |
| 25:41 | Construir | Farm |
| 25:42 | Construir | Farm |
| 25:43 | Construir | Farm |
| 26:00 | Investigar | Anarchy |
| 26:03 | Crear | Villager (Male) |
| 26:27 | Crear | Villager (Male) |
| 26:32 | Investigar | Bow Saw |
| 26:39 | Crear | Monk |
| 26:46 | Construir | Farm |
| 27:16 | Investigar | Squires |
| 27:22 | Crear | Fishing Ship |
| 27:22 | Crear | Fishing Ship |
| 27:22 | Crear | Fishing Ship |
| 28:07 | Crear | Huskarl ×5 |
| 28:07 | Crear | Huskarl ×2 |
| 28:07 | Crear | Huskarl ×2 |
| 28:29 | Crear | Villager (Male) |
| 28:30 | Crear | Villager (Male) |
| 28:46 | Construir | Farm |
| 28:47 | Construir | Farm |
| 28:48 | Construir | Farm |
| 28:52 | Crear | Villager (Male) |
| 28:52 | Crear | Villager (Male) |
| 29:03 | Crear | Huskarl |
| 29:03 | Crear | Huskarl |
| 29:31 | Construir | Farm |
| 29:33 | Crear | Villager (Male) |
| 29:33 | Crear | Villager (Male) |
| 29:48 | Construir | Town Center |
| 29:51 | Construir | Farm |
| 29:52 | Construir | Farm |
| 29:52 | Construir | Farm |
| 29:53 | Construir | Farm |
| 29:58 | Crear | Villager (Male) |
| 29:58 | Crear | Villager (Male) |
| 30:21 | Construir | Town Center |
| 30:30 | Investigar | Gold Mining |
| 30:34 | Crear | Villager (Male) |
| 30:59 | Crear | Huskarl ×3 |
| 31:13 | Crear | Villager (Male) |
| 31:13 | Crear | Villager (Male) |
Cronología de la partida
| 0:48 | Tachiwamaru · first_building Dock |
| 1:25 | KingUrs4721 · first_building Dock |
| 1:47 | Skrell · first_building Dock |
| 2:06 | ska_18 · first_building Dock |
| 2:08 | KingUrs4721 · wall_segment Palisade Wall x1 |
| 2:09 | KingUrs4721 · wall_segment Palisade Wall x1 |
| 2:58 | Bojanzkovic · first_building Dock |
| 6:59 | Tachiwamaru · wall_segment Palisade Wall x1 |
| 7:19 | Bojanzkovic · wall_segment Palisade Wall x1 |
| 8:44 | Bagwell · first_building Dock |
| 11:39 | Tachiwamaru · first_building Barracks |
| 12:54 | KingUrs4721 · first_building Barracks |
| 13:36 | Skrell · age_up feudal |
| 14:26 | ska_18 · age_up feudal |
| 15:09 | Skrell · first_market_buy 100 food |
| 15:12 | Skrell · first_market_sell 100 wood |
| 15:12 | KingUrs4721 · age_up feudal |
| 15:13 | Tachiwamaru · age_up feudal |
| 15:17 | Bagwell · age_up feudal |
| 15:22 | KingUrs4721 · first_building Stable |
| 16:28 | Bojanzkovic · age_up feudal |
| 18:05 | Skrell · age_up castle |
| 18:08 | ska_18 · wall_segment Stone Wall x11 |
| 18:38 | Skrell · first_building Castle |
| 18:58 | Bagwell · first_building Barracks |
| 19:16 | Tachiwamaru · age_up castle |
| 19:27 | Tachiwamaru · first_building Castle |
| 19:46 | Bagwell · first_building Stable |
| 19:50 | ska_18 · first_market_buy 100 wood |
| 20:10 | ska_18 · age_up castle |
| 20:17 | ska_18 · wall_segment Stone Wall x8 |
| 20:22 | ska_18 · wall_segment Stone Wall x9 |
| 20:32 | Tachiwamaru · first_market_buy 100 wood |
| 20:34 | Bojanzkovic · age_up castle |
| 20:45 | Tachiwamaru · first_market_sell 100 food |
| 20:57 | Bojanzkovic · first_market_sell 100 food |
| 20:58 | Bojanzkovic · first_market_buy 100 stone |
| 21:19 | Bojanzkovic · first_building Castle |
| 22:46 | Skrell · first_building Siege Workshop |
| 23:32 | KingUrs4721 · first_building Archery Range |
| 23:33 | Bagwell · age_up castle |
| 23:50 | Bagwell · first_building Castle |
| 24:45 | KingUrs4721 · age_up castle |
| 24:45 | Bagwell · first_building Monastery |
| 25:30 | KingUrs4721 · first_building Castle |
| 26:08 | ska_18 · wall_segment Stone Wall x4 |
| 26:13 | ska_18 · wall_segment Stone Wall x7 |
| 28:11 | KingUrs4721 · first_building Siege Workshop |
| 28:14 | Skrell · first_building Monastery |
| 28:14 | Bojanzkovic · first_building Barracks |
| 28:48 | ska_18 · wall_segment Stone Wall x6 |
| 29:30 | Bojanzkovic · first_building Archery Range |
| 29:58 | ska_18 · wall_segment Stone Wall x11 |
| 31:37 | Bojanzkovic · wall_segment Stone Wall x14 |
| 31:44 | Skrell · age_up imperial |
| 33:34 | ska_18 · first_building Castle |
| 34:06 | Tachiwamaru · first_building Stable |
| 34:24 | ska_18 · first_building Barracks |
| 35:12 | Tachiwamaru · age_up imperial |
| 36:08 | ska_18 · first_market_sell 500 food |
| 37:23 | ska_18 · first_building Siege Workshop |
| 38:02 | ska_18 · first_building Stable |
| 38:37 | ska_18 · age_up imperial |
| 40:42 | Bagwell · first_market_sell 500 wood |
| 41:25 | Tachiwamaru · first_building Archery Range |
| 42:44 | KingUrs4721 · age_up imperial |
| 44:00 | Bagwell · age_up imperial |
| 44:40 | Bojanzkovic · first_building Siege Workshop |
| 44:43 | Bojanzkovic · age_up imperial |
| 45:41 | KingUrs4721 · first_market_sell 500 food |
| 45:51 | KingUrs4721 · first_market_buy 100 food |
| 45:52 | Skrell · tribute_sent a jugador 1 |
| 45:52 | Skrell · tribute_sent a jugador 3 |
| 45:52 | Skrell · tribute_sent a jugador 4 |
| 45:52 | Skrell · tribute_sent a jugador 5 |
| 45:52 | Skrell · tribute_sent a jugador 6 |
| 47:12 | Bagwell · first_market_buy 500 food |
| 48:46 | Tachiwamaru · first_building Siege Workshop |
| 51:42 | Skrell · first_building Barracks |
| 52:10 | Skrell · first_building Archery Range |
| 54:08 | ska_18 · wall_segment Stone Wall x1 |
| 54:59 | Bojanzkovic · resign |
[ ANÁLISIS IA · 1 CRÉDITO ]
¿Qué pasó realmente en esta partida?
Wolo.gg analiza cada decisión: build order, eco, micro, errores típicos por bracket. Análisis personalizado por WhatsApp o Discord en 30 segundos.
Guía civ
Vikingos
Perfil
Jugador #9382087